 Dungeon Crawl Stone Soup version 0.28.0-1-gb440e238dd (webtiles) character file.

Game seed: 6690126236300615793

25 experimilk the Sneak (level 2, -3/13 HPs)
             Began as a Spriggan Enchanter on Feb 27, 2022.
             Frozen to death by an endoplasm (5 damage)
             ... on level 1 of the Dungeon.
             The game lasted 00:07:29 (2171 turns).

experimilk the Sneak (Spriggan Enchanter)           Turns: 2171, Time: 00:07:30

Health: -3/13      AC:  2    Str:  4    XL:     2   Next: 86%
Magic:  1/6        EV: 17    Int: 16    God:
Gold:   65         SH:  0    Dex: 15    Spells: 4/6 levels left

rFire   . . .      SeeInvis +   a - +1 dagger
rCold   . . .      Faith    .   (no shield)
rNeg    . . .      Spirit   .   b - +0 robe
rPois   .          Reflect  .   (helmet restricted)
rElec   .          Harm     .   (no cloak)
rCorr   .          Rampage  .   (gloves unavailable)
Will    .....                   (boots unavailable)
Stlth   +++.......              (no amulet)
HPRegen 0.04/turn               (no ring)
MPRegen 0.10/turn               (no ring)

@: very quick
A: very small, no large weapons, unfitting armour, see invisible, speed 3
a: no special abilities


You were on level 1 of the Dungeon.
You visited 1 branch of the dungeon, and saw 2 of its levels.

You collected 65 gold pieces.

Inventory:

Hand Weapons
 a - a +1 dagger (weapon)
Armour
 b - a +0 robe (worn)
Jewellery
 f - a ring of fire
Scrolls
 h - a scroll of fear {unknown}
Potions
 c - a potion of invisibility
 d - a potion of curing {unknown}
 e - a potion of attraction {unknown}
 g - a potion of might {unknown}


   Skills:
 - Level 1.1 Short Blades
 + Level 2.8 Dodging
 + Level 5.0 Stealth
 - Level 2.6 Spellcasting
 * Level 4.4 Hexes
 * Level 0.2 Ice Magic


You had 4 spell levels left.
You knew the following spells:

 Your Spells              Type           Power      Damage    Failure   Level
a - Ensorcelled Hibernat  Hex/Ice        18%        N/A       11%         2

Your spell library contained the following spells:

 Spells                   Type           Power      Damage    Failure   Level
 Confusing Touch          Hex            16%        N/A       10%         3
 Tukima's Dance           Hex            16%        N/A       10%         3
 Dazzling Flash           Conj/Hex       18%        N/A       24%         3


Dungeon Overview and Level Annotations

Branches:
Dungeon (2/15)

Altars:

Annotations:
D:2 Robin


Innate Abilities, Weirdness & Mutations

You are very small and have problems with some larger weapons.
You are too small for most types of armour.
You have supernaturally acute eyesight. (SInv)
You cover ground extremely quickly. (Speed+++)


Message History

The rat closely misses you.
The hobgoblin throws a stone.
The stone closely misses you.
You enter the shallow water.
Moving in this stuff is going to be slow.
The rat twitches its whiskers.
The endoplasm quivers.
Casting: Ensorcelled Hibernation (safe; 11% risk of failure)
Confirm with . or Enter, or press ? or * to list all spells.
Aiming: Ensorcelled Hibernation (safe; 11% risk of failure)
Press: ? - help, Shift-Dir - straight line, f - endoplasm
Aim: an endoplasm (chance to affect: 61%)
The endoplasm resists with significant effort.
The endoplasm barely misses you.
Casting: Ensorcelled Hibernation (safe; 11% risk of failure)
Confirm with . or Enter, or press ? or * to list all spells.
Aiming: Ensorcelled Hibernation (safe; 11% risk of failure)
Press: ? - help, Shift-Dir - straight line, f/p - endoplasm
Aim: an endoplasm (chance to affect: 61%)
The endoplasm resists with significant effort.
The endoplasm freezes you.
You are frozen.
You hit the endoplasm.
The endoplasm is lightly wounded.
The endoplasm misses you.
You hit the endoplasm but do no damage.
The endoplasm is lightly wounded.
The endoplasm completely misses you.
You hit the endoplasm but do no damage. You punch the endoplasm.
The endoplasm is moderately wounded.
The endoplasm freezes you.
You are frozen.
* * * LOW HITPOINT WARNING * * *
You barely miss the endoplasm.
The endoplasm is moderately wounded.
The endoplasm misses you.
You hit the endoplasm.
The endoplasm is heavily wounded.
The endoplasm freezes you.
You are frozen.
You die...

...........####.....≈.....†....†.
##########.##........##........##
.........#.##.#.##..###........##
###.####.#.#..#.#................
.......#.#.........#..........>.#
.#####.#.#.##...#...............#
.#...#.#.#.#....................#
.#...#.#.#.##.#...............###
...<.#.#.+.#....@.............#≈≈
.#...#.#.#.##...J.............#≈≈
)#...#.#.#.#....8.............'≈≈
.#####.#.#.#...8_8.......>....#≈≈
.......#.#.#....8.............#≈≈
###.####.#....................###
....(....#.#............#.....#
##########.#.......♣....###.###
.........†.#.....♣≈≈≈♣..♣##.#


You could see an endoplasm.

Vanquished Creatures
  2 worms (D:2)
  2 endoplasms (D:1)
  A giant cockroach (D:1)
  2 goblins
  A hobgoblin (D:1)
  A quokka (D:1)
  3 ball pythons
  2 bats
  2 kobolds (D:1)
  6 rats
22 creatures vanquished.

Vanquished Creatures (others)
  A plant (D:1)
1 creature vanquished.

Grand Total: 23 creatures vanquished

Notes
Turn   | Place    | Note
-------+----------+-------------------------------------------
     0 | D:1      | experimilk the Spriggan Enchanter began the quest for the
                  | Orb.
     0 | D:1      | Reached XP level 1. HP: 9/9 MP: 5/5
    24 | D:1      | Found a faded altar of an unknown god.
   904 | D:1      | Reached XP level 2. HP: 13/13 MP: 6/6
   912 | D:1      | Learned a level 2 spell: Ensorcelled Hibernation
  1788 | D:2      | Reached skill level 5 in Stealth
  1806 | D:2      | Noticed Robin
  2010 | D:2      | Noticed a black bear
  2171 | D:1      | Frozen to death by an endoplasm

Illustrated notes

Levels and vault maps discovered:
D:1:      matt_arrival_refuge, layout_rooms, serial_rivers,
          chequers_serial_rivers_small_3, chequers_serial_rivers_room_b,
          chequers_serial_rivers_small_b, chequers_serial_rivers_room_b,
          chequers_ecumenical_altar_simple, serial_bayou_pond_a
D:2:      layout_loops_cross, basic_altar, uniq_robin

Skill      XL: |  1  2 |
---------------+-------+-----
Hexes          | 4 |  4.4
Stealth        | 5 |  5.0
Short Blades   | |  1.1
Dodging        | |  2.8
Spellcasting   | |  2.6
Ice Magic      | |  0.2

Action                   || total
-------------------------++-------
Melee: Dagger            ||    85
       Punch             ||     3
 Cast: Ensorcelled Hiber ||    13
  Use: Scroll            ||     2
 Stab: Sleeping          ||     7
       Distracted        ||     1
Armor: Robe              ||     6
Dodge: Dodged            ||    65
